Dynamic Boxscore Link
Lumberjacks
25-17
3
FINAL (SO)
4
Maine
Mighty Moose
17-22
Summary
Boxscore
Lineups
Recap

1st Period

1-0 LMBScore
10:37Time
5v5Type

2nd Period

2-0 LMBScore
12:34Time
PPType
2-1 LMBScore
12:54Time
5v5Type
2-2 TiedScore
19:09Time
5v5Type

3rd Period

3-2 LMBScore
0:34Time
PPType
3-3 TiedScore
1:14Time
5v5Type

Shootout

Team Player Result
Irmin Rosner
Goal
Francis Henri
Goal
Tanner Napier
Save
Leon Christensen
Goal
Ustin Trynkov
Save

Penalties

2nd Period
Pierre-Maxime Vetere (MIG) for Holding (Minor) at 11:55
Durham Hopley (MIG) for Hooking (Minor) at 19:18
3rd Period
Durham Hopley (MIG) for Tripping (Minor) at 15:40
LMB
MIG

Lumberjacks

# Player Pos G A PTS +/- S PIM TOI SB Hits GA TA
6 Irmin Rosner D 2 0 2 -1 3 0 21:29 0 0 0 1
55 Anton Rozhkov D 0 2 2 0 2 0 23:26 2 1 2 1
9 Floyd Holst LW 0 2 2 0 3 0 24:55 0 3 1 0
25 Benito Mathers RW 0 1 1 -1 3 0 19:31 0 0 0 0
26 Craig Bruton LW 1 0 1 1 4 0 20:34 1 1 1 0
22 Ustin Trynkov LW 0 0 0 0 1 0 10:36 0 1 0 1
15 Daniil Mirnov RW 0 0 0 -2 1 0 15:36 0 1 0 0
51 Yaroslav Anokin D 0 0 0 -1 0 0 19:50 5 1 0 1
44 Dayton Presswood LW 0 0 0 -2 5 0 15:20 2 0 0 0
4 Rickey Rogan D 0 0 0 0 0 0 23:19 0 1 0 1
81 Tanner Napier RW 0 0 0 0 2 0 10:52 0 0 0 0
65 Jovin Coish D 0 0 0 -1 0 0 14:59 0 1 0 1
43 Urpo Schneider C 0 0 0 0 3 0 18:35 0 2 0 1
84 Kazimir Papazov D 0 0 0 -1 1 0 21:57 1 0 1 0
27 Julien Ghantous C 0 0 0 -2 0 0 15:47 0 0 0 0
44 Oleg Avinov C 0 0 0 -1 3 0 17:27 0 2 0 0
59 Loughlin Dowe RW 0 0 0 1 1 0 20:32 2 3 0 0
8 Jody Sonntag C 0 0 0 0 0 0 00:15 0 0 0 0
# Goalie GA SA SV SV% TOI
32 Karim Hogdal 3 31 28 0.903 65:00
31 Sampa Paunonen 0 0 0 0.000 0:00
LMB
MIG

Lumberjacks

Lumberjacks

5 vs 5 Forward
Line #Left WingCenterRight WingPHYDFOFWanted %Time %Time Play
1Floyd HolstOleg AvinovBenito Mathers0233529%16:15
2Craig BrutonJody SonntagLoughlin Dowe0233033%18:15
3Dayton PresswoodJulien GhantousDaniil Mirnov0322022%12:26
4Ustin TrynkovUrpo SchneiderTanner Napier1311516%9:10
5 vs 5 Defense
Line #DefenseDefensePHYDFOFWanted %Time %Time Play
1Rickey RoganAnton Rozhkov0323535%19:22
2Irmin RosnerKazimir Papazov1313030%16:38
3Jovin CoishYaroslav Anokin1312527%14:57
4Kazimir PapazovYaroslav Anokin140109%5:09
Power Play Forward
Line #Left WingCenterRight WingPHYDFOFWanted %Time %Time Play
1Dayton PresswoodJody SonntagBenito Mathers0145569%2:41
2Floyd HolstJulien GhantousLoughlin Dowe0144531%1:13
Power Play Defense
Line #DefenseDefensePHYDFOFWanted %Time %Time Play
1Anton RozhkovIrmin Rosner0145576%2:59
2Kazimir PapazovRickey Rogan0144524%0:55
Penalty Kill 4 Players Forward
Line #CenterWingPHYDFOFWanted %Time %Time Play
1Urpo SchneiderDaniil Mirnov140550%0:00
2Jody SonntagFloyd Holst140450%0:00
Penalty Kill 4 Players Defense
Line #DefenseDefensePHYDFOFWanted %Time %Time Play
1Rickey RoganAnton Rozhkov140550%0:00
2Yaroslav AnokinJovin Coish140450%0:00
Penalty Kill 3 Players
Line #WingPHYDFOFWanted %Time %Time PlayDefenseDefensePHYDFOFWanted %Time %Time Play
1Daniil Mirnov050600%0:00 Rickey RoganIrmin Rosner050600%0:00
2Ustin Trynkov140400%0:00 Jovin CoishYaroslav Anokin140400%0:00
4 vs 4 Forward
Line #CenterWingPHYDFOFWanted %Time %Time Play
1Jody SonntagDayton Presswood122500%0:00
2Urpo SchneiderFloyd Holst122500%0:00
4 vs 4 Defense
Line #DefensePHYDFOFWanted %Time %Time Play
1Rickey RoganIrmin Rosner122500%0:00
2Anton RozhkovYaroslav Anokin131500%0:00
Last Minutes Offensive
Left WingCenterRight WingDefenseDefense
Floyd HolstOleg AvinovBenito MathersKazimir PapazovAnton Rozhkov
Last Minutes Defensive
Left WingCenterRight WingDefenseDefense
Floyd HolstUrpo SchneiderDaniil MirnovRickey RoganIrmin Rosner
Time
Total ForwardTotal DefenseLast Minutes OffensiveLast Minutes Defensive
60:00 60:00 0:000:00
Extra Forwards
Normal PowerPlayPenalty Kill
Jody Sonntag, Craig Bruton, Floyd HolstCraig Bruton, Floyd HolstFloyd Holst
Extra Defensemen
Normal PowerPlayPenalty Kill
Kazimir Papazov, Yaroslav Anokin, Rickey RoganRickey Rogan, Jovin CoishAnton Rozhkov
Penalty Shots
Irmin Rosner, Jody Sonntag, Tanner Napier, Ustin Trynkov, Dayton Presswood
Goalie
Karim Hogdal, Sampa Paunonen
Custom OT Lines Forwards
Jody Sonntag, Oleg Avinov, Floyd Holst, Daniil Mirnov, Tanner Napier, Benito Mathers, Loughlin Dowe, Craig Bruton, Ustin Trynkov, Urpo Schneider
Custom OT Lines Defensemen
Rickey Rogan, Irmin Rosner, Anton Rozhkov, Jovin Coish, Kazimir Papazov
Scratches
Ikki Miyamae (Healthy), Sang Tianzhi (Healthy), A.C. Westren (Healthy)
1st Period

0:01 of 1st period - Pierre-Maxime Vetere wins face-off versus Oleg Avinov in neutral zone.
0:41 of 1st period - Snap shot by Leon Christensen.
0:41 of 1st period - Shot Misses the Net.
0:43 of 1st period - Slapshot by Kerby Shapley.
0:43 of 1st period - Shot Misses the Net.
0:45 of 1st period - Wrist shot by Bernt Metsasalo.
0:45 of 1st period - Stopped by Karim Hogdal without a rebound.
0:46 of 1st period - James Pontes wins face-off versus Jody Sonntag in Lumberjacks zone.
0:51 of 1st period - Wrist shot by Delwyn Manvill.
0:51 of 1st period - Shot Blocked by Kazimir Papazov.
0:53 of 1st period - Snap shot by James Pontes.
0:53 of 1st period - Shot Misses the Net.
0:55 of 1st period - Snap shot by Grayden Currier.
0:55 of 1st period - Stopped by Karim Hogdal without a rebound.
0:56 of 1st period - Jody Sonntag wins face-off versus James Pontes in Lumberjacks zone.
0:56 of 1st period - Jody Sonntag is hit by Delwyn Manvill.
0:57 of 1st period - Jody Sonntag from Lumberjacks is injured at 0:57 of 1st period (Sprained Left Finger).
0:58 of 1st period - Urpo Schneider wins face-off versus Dwight Robichaud in Lumberjacks zone.
1:03 of 1st period - Snap shot by Dwight Robichaud.
1:03 of 1st period - Stopped by Karim Hogdal with a rebound.
1:47 of 1st period - Snap shot by James Pontes.
1:47 of 1st period - Shot Misses the Net.
3:09 of 1st period - Anton Rozhkov is hit by Delwyn Manvill and loses puck.
3:36 of 1st period - Wrist shot by Bernt Metsasalo.
3:36 of 1st period - Shot Blocked by Anton Rozhkov.
3:50 of 1st period - Snap shot by Craig Bruton.
3:50 of 1st period - Stopped by Marco Rutherford with a rebound.
4:01 of 1st period - Off-side.
4:02 of 1st period - Dwight Robichaud wins face-off versus Julien Ghantous in neutral zone.
4:28 of 1st period - Snap shot by Oleg Avinov.
4:28 of 1st period - Shot Blocked by Durham Hopley.
4:30 of 1st period - Slapshot by Kazimir Papazov.
4:30 of 1st period - Shot Blocked by Durham Hopley.
4:36 of 1st period - Snap shot by Floyd Holst.
4:36 of 1st period - Shot Blocked by Caelan Ranford.
4:38 of 1st period - Slapshot by Irmin Rosner.
4:38 of 1st period - Shot Blocked by Caelan Ranford.
4:40 of 1st period - Slapshot by Kazimir Papazov.
4:40 of 1st period - Stopped by Marco Rutherford with a rebound.
5:13 of 1st period - Wrist shot by Ryland Tuazon.
5:13 of 1st period - Stopped by Karim Hogdal without a rebound.
5:14 of 1st period - Oleg Avinov wins face-off versus Ryland Tuazon in Lumberjacks zone.
5:29 of 1st period - Snap shot by Anton Rozhkov.
5:29 of 1st period - Deflect By Kerby Shapley.
5:29 of 1st period - Stopped by Marco Rutherford with a rebound.
5:50 of 1st period - Snap shot by Delwyn Manvill.
5:50 of 1st period - Stopped by Karim Hogdal without a rebound.
5:51 of 1st period - Dwight Robichaud wins face-off versus Floyd Holst in Lumberjacks zone.
6:05 of 1st period - Kazimir Papazov is hit by Grayden Currier and loses puck.
6:15 of 1st period - Icing by Sidney Sittler.
6:16 of 1st period - Urpo Schneider wins face-off versus Yakov Kabanov in Mighty Moose zone.
6:29 of 1st period - Off-side.
6:30 of 1st period - Oleg Avinov wins face-off versus Brooks Goupil in neutral zone.
6:39 of 1st period - Slapshot by Brooks Goupil.
6:39 of 1st period - Shot Misses the Net.
6:44 of 1st period - Icing by Irmin Rosner.
6:45 of 1st period - James Pontes wins face-off versus Oleg Avinov in Lumberjacks zone.
6:59 of 1st period - Slapshot by James Pontes.
6:59 of 1st period - Stopped by Karim Hogdal without a rebound.
7:00 of 1st period - Bernt Metsasalo wins face-off versus Urpo Schneider in Lumberjacks zone.
7:05 of 1st period - Wrist shot by Bernt Metsasalo.
7:05 of 1st period - Shot Misses the Net.
7:27 of 1st period - Yaroslav Anokin is hit by Delwyn Manvill and loses puck.
7:34 of 1st period - Backhand shot by Delwyn Manvill.
7:34 of 1st period - Stopped by Karim Hogdal without a rebound.
7:35 of 1st period - Francis Henri wins face-off versus Floyd Holst in Lumberjacks zone.
8:02 of 1st period - Durham Hopley is hit by Anton Rozhkov and loses puck.
8:31 of 1st period - Wrist shot by Dayton Presswood.
8:31 of 1st period - Stopped by Marco Rutherford with a rebound.
8:33 of 1st period - Slapshot by Irmin Rosner.
8:33 of 1st period - Deflect By Dayton Presswood.
8:33 of 1st period - Stopped by Marco Rutherford without a rebound.
8:34 of 1st period - Oleg Avinov wins face-off versus Dwight Robichaud in Mighty Moose zone.
8:45 of 1st period - Wrist shot by Oleg Avinov.
8:45 of 1st period - Shot Misses the Net.
8:47 of 1st period - Snap shot by Floyd Holst.
8:47 of 1st period - Stopped by Marco Rutherford without a rebound.
8:48 of 1st period - Oleg Avinov wins face-off versus Yakov Kabanov in Mighty Moose zone.
9:22 of 1st period - Snap shot by Loughlin Dowe.
9:22 of 1st period - Stopped by Marco Rutherford with a rebound.
9:24 of 1st period - Wrist shot by Craig Bruton.
9:24 of 1st period - Deflect By Urpo Schneider.
9:24 of 1st period - Shot Blocked by Pierre-Maxime Vetere.
9:24 of 1st period - Puck is out of play.
9:25 of 1st period - Julien Ghantous wins face-off versus Brooks Goupil in Mighty Moose zone.
9:36 of 1st period - Anton Rozhkov is hit by Francis Henri and loses puck.
9:59 of 1st period - Wrist shot by Benito Mathers.
9:59 of 1st period - Shot Misses the Net.
10:03 of 1st period - Slapshot by Oleg Avinov.
10:03 of 1st period - Shot Misses the Net.
10:37 of 1st period - Snap shot by Craig Bruton.
10:37 of 1st period - Goal by Craig Bruton - Lumberjacks : 1 - Mighty Moose : 0.
10:38 of 1st period - Delwyn Manvill wins face-off versus Oleg Avinov in neutral zone.
10:43 of 1st period - Snap shot by Floyd Holst.
10:43 of 1st period - Stopped by Marco Rutherford without a rebound.
10:44 of 1st period - James Pontes wins face-off versus Floyd Holst in Mighty Moose zone.
10:44 of 1st period - James Pontes is hit by Floyd Holst.
12:10 of 1st period - Slapshot by Bernt Metsasalo.
12:10 of 1st period - Shot Misses the Net.
13:02 of 1st period - Wrist shot by Dwight Robichaud.
13:02 of 1st period - Shot Misses the Net.
13:08 of 1st period - Caelan Ranford is hit by Daniil Mirnov and loses puck.
13:47 of 1st period - Yakov Kabanov is hit by Urpo Schneider and loses puck.
14:50 of 1st period - Rickey Rogan is hit by Dwight Robichaud.
15:18 of 1st period - Snap shot by Robert Friend.
15:18 of 1st period - Shot Misses the Net.
15:20 of 1st period - Slapshot by Durham Hopley.
15:20 of 1st period - Shot Misses the Net.
15:22 of 1st period - Snap shot by Ryland Tuazon.
15:22 of 1st period - Shot Blocked by Anton Rozhkov.
15:45 of 1st period - Irmin Rosner is hit by James Pontes.
16:06 of 1st period - Delwyn Manvill is hit by Loughlin Dowe and loses puck.
16:15 of 1st period - Wrist shot by Loughlin Dowe.
16:15 of 1st period - Shot Misses the Net.
16:17 of 1st period - Snap shot by Loughlin Dowe.
16:17 of 1st period - Shot Misses the Net.
16:19 of 1st period - Wrist shot by Craig Bruton.
16:19 of 1st period - Deflect By Sidney Sittler.
16:19 of 1st period - Shot Misses the Net.
16:19 of 1st period - Puck is out of play.
16:20 of 1st period - Bernt Metsasalo wins face-off versus Floyd Holst in Mighty Moose zone.
16:37 of 1st period - Bernt Metsasalo is hit by Jovin Coish and loses puck.
18:13 of 1st period - Sidney Sittler is hit by Oleg Avinov and loses puck.
19:49 of 1st period - Yaroslav Anokin is hit by Delwyn Manvill and loses puck.
Goals for this period are 1 for Lumberjacks vs 0 for Mighty Moose.
Shots for this period are 9 for Lumberjacks vs 7 for Mighty Moose.
2nd Period

0:01 of 2nd period - Oleg Avinov wins face-off versus Bernt Metsasalo in neutral zone.
0:14 of 2nd period - Snap shot by Oleg Avinov.
0:14 of 2nd period - Shot Misses the Net.
0:16 of 2nd period - Snap shot by Floyd Holst.
0:16 of 2nd period - Shot Misses the Net.
0:36 of 2nd period - Wrist shot by Dayton Presswood.
0:36 of 2nd period - Shot Blocked by Afanasy Mekhnin.
0:52 of 2nd period - Wrist shot by Delwyn Manvill.
0:52 of 2nd period - Stopped by Karim Hogdal with a rebound.
0:54 of 2nd period - Slapshot by Sidney Sittler.
0:54 of 2nd period - Shot Hit the Post.
1:14 of 2nd period - Kazimir Papazov is hit by Esra Rhine.
1:40 of 2nd period - Wrist shot by Bernt Metsasalo.
1:40 of 2nd period - Stopped by Karim Hogdal with a rebound.
1:42 of 2nd period - Wrist shot by Leon Christensen.
1:42 of 2nd period - Shot Misses the Net.
1:44 of 2nd period - Wrist shot by Bernt Metsasalo.
1:44 of 2nd period - Shot Blocked by Dayton Presswood.
3:34 of 2nd period - Snap shot by Leon Christensen.
3:34 of 2nd period - Stopped by Karim Hogdal with a rebound.
4:14 of 2nd period - Yaroslav Anokin is hit by Bernt Metsasalo and loses puck.
4:31 of 2nd period - Julien Ghantous is hit by Francis Henri and loses puck.
4:49 of 2nd period - Icing by Urpo Schneider.
4:50 of 2nd period - Ryland Tuazon wins face-off versus Urpo Schneider in Lumberjacks zone.
4:51 of 2nd period - Wrist shot by Esra Rhine.
4:51 of 2nd period - Stopped by Karim Hogdal with a rebound.
4:53 of 2nd period - Snap shot by Ryland Tuazon.
4:53 of 2nd period - Shot Misses the Net.
4:55 of 2nd period - Snap shot by Esra Rhine.
4:55 of 2nd period - Stopped by Karim Hogdal with a rebound.
4:57 of 2nd period - Wrist shot by Ryland Tuazon.
4:57 of 2nd period - Deflect By Jovin Coish.
4:57 of 2nd period - Shot Blocked by Craig Bruton.
4:57 of 2nd period - Puck is out of play.
4:58 of 2nd period - James Pontes wins face-off versus Oleg Avinov in Lumberjacks zone.
5:25 of 2nd period - Bernt Metsasalo is hit by Loughlin Dowe and loses puck.
5:34 of 2nd period - Wrist shot by Urpo Schneider.
5:34 of 2nd period - Stopped by Marco Rutherford without a rebound.
5:35 of 2nd period - Dwight Robichaud wins face-off versus Oleg Avinov in Mighty Moose zone.
5:50 of 2nd period - Snap shot by Benito Mathers.
5:50 of 2nd period - Stopped by Marco Rutherford with a rebound.
5:52 of 2nd period - Snap shot by Oleg Avinov.
5:52 of 2nd period - Stopped by Marco Rutherford with a rebound.
6:04 of 2nd period - Wrist shot by Delwyn Manvill.
6:04 of 2nd period - Stopped by Karim Hogdal without a rebound.
6:05 of 2nd period - Urpo Schneider wins face-off versus James Pontes in Lumberjacks zone.
6:16 of 2nd period - Snap shot by Urpo Schneider.
6:16 of 2nd period - Stopped by Marco Rutherford with a rebound.
6:18 of 2nd period - Wrist shot by Urpo Schneider.
6:18 of 2nd period - Stopped by Marco Rutherford without a rebound.
6:19 of 2nd period - Bernt Metsasalo wins face-off versus Oleg Avinov in Mighty Moose zone.
6:26 of 2nd period - Snap shot by Leon Christensen.
6:26 of 2nd period - Shot Misses the Net.
6:36 of 2nd period - Slapshot by Oleg Avinov.
6:36 of 2nd period - Shot Misses the Net.
7:17 of 2nd period - Wrist shot by Ustin Trynkov.
7:17 of 2nd period - Stopped by Marco Rutherford with a rebound.
7:21 of 2nd period - Wrist shot by Tanner Napier.
7:21 of 2nd period - Stopped by Marco Rutherford with a rebound.
7:36 of 2nd period - Brooks Goupil is hit by Craig Bruton.
7:52 of 2nd period - Pierre-Maxime Vetere is hit by Rickey Rogan and loses puck.
7:57 of 2nd period - Snap shot by Dayton Presswood.
7:57 of 2nd period - Shot Blocked by Caelan Ranford.
7:59 of 2nd period - Slapshot by Rickey Rogan.
7:59 of 2nd period - Shot Blocked by Leon Christensen.
8:01 of 2nd period - Backhand shot by Rickey Rogan.
8:01 of 2nd period - Shot Blocked by Caelan Ranford.
8:23 of 2nd period - Wrist shot by Delwyn Manvill.
8:23 of 2nd period - Stopped by Karim Hogdal without a rebound.
8:24 of 2nd period - Dwight Robichaud wins face-off versus Oleg Avinov in Lumberjacks zone.
8:25 of 2nd period - Wrist shot by Francis Henri.
8:25 of 2nd period - Shot Hit the Post.
8:57 of 2nd period - Snap shot by Bernt Metsasalo.
8:57 of 2nd period - Deflect By Leon Christensen.
8:57 of 2nd period - Shot Blocked by Loughlin Dowe.
8:57 of 2nd period - Puck is out of play.
8:58 of 2nd period - James Pontes wins face-off versus Floyd Holst in Lumberjacks zone.
8:59 of 2nd period - Wrist shot by Delwyn Manvill.
8:59 of 2nd period - Stopped by Karim Hogdal with a rebound.
9:05 of 2nd period - Irmin Rosner is hit by James Pontes and loses puck.
9:14 of 2nd period - Wrist shot by Yakov Kabanov.
9:14 of 2nd period - Stopped by Karim Hogdal without a rebound.
9:15 of 2nd period - Oleg Avinov wins face-off versus Bernt Metsasalo in Lumberjacks zone.
9:42 of 2nd period - Daniil Mirnov is hit by Yakov Kabanov and loses puck.
9:49 of 2nd period - Slapshot by James Pontes.
9:49 of 2nd period - Deflect By Anton Rozhkov.
9:49 of 2nd period - Stopped by Karim Hogdal without a rebound.
9:50 of 2nd period - Floyd Holst wins face-off versus James Pontes in Lumberjacks zone.
9:55 of 2nd period - Slapshot by Irmin Rosner.
9:55 of 2nd period - Shot Misses the Net.
9:57 of 2nd period - Slapshot by Craig Bruton.
9:57 of 2nd period - Stopped by Marco Rutherford without a rebound.
9:58 of 2nd period - James Pontes wins face-off versus Floyd Holst in Mighty Moose zone.
10:09 of 2nd period - Snap shot by Delwyn Manvill.
10:09 of 2nd period - Deflect By Yakov Kabanov.
10:09 of 2nd period - Stopped by Karim Hogdal without a rebound.
10:10 of 2nd period - Oleg Avinov wins face-off versus Bernt Metsasalo in Lumberjacks zone.
10:59 of 2nd period - Kazimir Papazov is hit by Caelan Ranford and loses puck.
11:43 of 2nd period - Off-side.
11:44 of 2nd period - Urpo Schneider wins face-off versus Bernt Metsasalo in neutral zone.
11:55 of 2nd period - Minor Penalty to Pierre-Maxime Vetere for Holding.
11:56 of 2nd period - Dwight Robichaud wins face-off versus Craig Bruton in Mighty Moose zone.
12:24 of 2nd period - Wrist shot by Yakov Kabanov.
12:24 of 2nd period - Shot Misses the Net.
12:34 of 2nd period - Slapshot by Irmin Rosner.
12:34 of 2nd period - Goal by Irmin Rosner - Lumberjacks : 2 - Mighty Moose : 0.
12:35 of 2nd period - Oleg Avinov wins face-off versus Dwight Robichaud in neutral zone.
12:38 of 2nd period - Snap shot by Anton Rozhkov.
12:38 of 2nd period - Shot Hit the Post.
12:40 of 2nd period - Wrist shot by Oleg Avinov.
12:40 of 2nd period - Stopped by Marco Rutherford without a rebound.
12:41 of 2nd period - Oleg Avinov wins face-off versus Dwight Robichaud in Mighty Moose zone.
12:46 of 2nd period - Slapshot by Benito Mathers.
12:46 of 2nd period - Stopped by Marco Rutherford without a rebound.
12:47 of 2nd period - Yakov Kabanov wins face-off versus Oleg Avinov in Mighty Moose zone.
12:52 of 2nd period - Wrist shot by Durham Hopley.
12:52 of 2nd period - Stopped by Karim Hogdal with a rebound.
12:54 of 2nd period - Snap shot by Yakov Kabanov.
12:54 of 2nd period - Goal by Yakov Kabanov - Lumberjacks : 2 - Mighty Moose : 1.
12:55 of 2nd period - Oleg Avinov wins face-off versus Pierre-Maxime Vetere in neutral zone.
13:22 of 2nd period - Yakov Kabanov is hit by Loughlin Dowe and loses puck.
13:46 of 2nd period - Yaroslav Anokin is hit by Francis Henri and loses puck.
13:55 of 2nd period - Snap shot by Daniil Mirnov.
13:55 of 2nd period - Shot Blocked by Kerby Shapley.
14:09 of 2nd period - Urpo Schneider is hit by Robert Friend and loses puck.
14:30 of 2nd period - Craig Bruton is hit by Pierre-Maxime Vetere and loses puck.
15:37 of 2nd period - Icing by Ryland Tuazon.
15:38 of 2nd period - Ryland Tuazon wins face-off versus Urpo Schneider in Mighty Moose zone.
16:05 of 2nd period - Floyd Holst is hit by Caelan Ranford.
16:43 of 2nd period - Dwight Robichaud is hit by Floyd Holst and loses puck.
17:32 of 2nd period - Slapshot by Delwyn Manvill.
17:32 of 2nd period - Deflect By James Pontes.
17:32 of 2nd period - Shot Blocked by Yaroslav Anokin.
17:32 of 2nd period - Puck is out of play.
17:33 of 2nd period - Ryland Tuazon wins face-off versus Julien Ghantous in Lumberjacks zone.
18:01 of 2nd period - Oleg Avinov is hit by James Pontes and loses puck.
18:22 of 2nd period - Urpo Schneider is hit by Bernt Metsasalo and loses puck.
18:58 of 2nd period - Daniil Mirnov is hit by Esra Rhine and loses puck.
19:05 of 2nd period - Snap shot by Esra Rhine.
19:05 of 2nd period - Shot Misses the Net.
19:07 of 2nd period - Slapshot by Durham Hopley.
19:07 of 2nd period - Shot Blocked by Dayton Presswood.
19:09 of 2nd period - Slapshot by Esra Rhine.
19:09 of 2nd period - Goal by Esra Rhine - Lumberjacks : 2 - Mighty Moose : 2.
19:10 of 2nd period - Oleg Avinov wins face-off versus James Pontes in neutral zone.
19:18 of 2nd period - Minor Penalty to Durham Hopley for Hooking.
19:19 of 2nd period - James Pontes wins face-off versus Craig Bruton in Mighty Moose zone.
19:29 of 2nd period - Slapshot by Esra Rhine.
19:29 of 2nd period - Shot Misses the Net.
19:31 of 2nd period - Backhand shot by James Pontes.
19:31 of 2nd period - Shot Misses the Net.
19:56 of 2nd period - Snap shot by Anton Rozhkov.
19:56 of 2nd period - Stopped by Marco Rutherford without a rebound.
19:57 of 2nd period - Craig Bruton wins face-off versus Dwight Robichaud in Mighty Moose zone.
Goals for this period are 1 for Lumberjacks vs 2 for Mighty Moose.
Shots for this period are 12 for Lumberjacks vs 14 for Mighty Moose.
3rd Period

0:01 of 3rd period - Craig Bruton wins face-off versus James Pontes in neutral zone.
0:08 of 3rd period - Slapshot by Irmin Rosner.
0:08 of 3rd period - Deflect By Benito Mathers.
0:08 of 3rd period - Deflect By Afanasy Mekhnin.
0:08 of 3rd period - Shot Blocked by Afanasy Mekhnin.
0:08 of 3rd period - Puck is out of play.
0:09 of 3rd period - Craig Bruton wins face-off versus James Pontes in Mighty Moose zone.
0:16 of 3rd period - Wrist shot by Craig Bruton.
0:16 of 3rd period - Shot Misses the Net.
0:30 of 3rd period - Wrist shot by Benito Mathers.
0:30 of 3rd period - Shot Misses the Net.
0:32 of 3rd period - Slapshot by Anton Rozhkov.
0:32 of 3rd period - Shot Misses the Net.
0:34 of 3rd period - Slapshot by Irmin Rosner.
0:34 of 3rd period - Goal by Irmin Rosner - Lumberjacks : 3 - Mighty Moose : 2.
0:35 of 3rd period - Bernt Metsasalo wins face-off versus Oleg Avinov in neutral zone.
0:37 of 3rd period - Off-side.
0:38 of 3rd period - Floyd Holst wins face-off versus Bernt Metsasalo in neutral zone.
1:09 of 3rd period - Kazimir Papazov is hit by Caelan Ranford and loses puck.
1:14 of 3rd period - Snap shot by Leon Christensen.
1:14 of 3rd period - Goal by Leon Christensen - Lumberjacks : 3 - Mighty Moose : 3.
1:15 of 3rd period - Oleg Avinov wins face-off versus James Pontes in neutral zone.
1:24 of 3rd period - Wrist shot by Floyd Holst.
1:24 of 3rd period - Stopped by Marco Rutherford with a rebound.
1:30 of 3rd period - Wrist shot by Oleg Avinov.
1:30 of 3rd period - Stopped by Marco Rutherford with a rebound.
1:32 of 3rd period - Snap shot by Floyd Holst.
1:32 of 3rd period - Shot Misses the Net.
2:06 of 3rd period - Yakov Kabanov is hit by Urpo Schneider and loses puck.
2:14 of 3rd period - Icing by Durham Hopley.
2:15 of 3rd period - James Pontes wins face-off versus Oleg Avinov in Mighty Moose zone.
2:20 of 3rd period - Wrist shot by Durham Hopley.
2:20 of 3rd period - Shot Misses the Net.
2:26 of 3rd period - James Pontes is hit by Oleg Avinov and loses puck.
2:45 of 3rd period - Snap shot by Dwight Robichaud.
2:45 of 3rd period - Stopped by Karim Hogdal without a rebound.
2:46 of 3rd period - Brooks Goupil wins face-off versus Floyd Holst in Lumberjacks zone.
3:05 of 3rd period - Wrist shot by Brooks Goupil.
3:05 of 3rd period - Shot Misses the Net.
3:35 of 3rd period - Slapshot by Francis Henri.
3:35 of 3rd period - Stopped by Karim Hogdal without a rebound.
3:36 of 3rd period - Bernt Metsasalo wins face-off versus Urpo Schneider in Lumberjacks zone.
4:13 of 3rd period - Snap shot by Robert Friend.
4:13 of 3rd period - Shot Misses the Net.
4:27 of 3rd period - Snap shot by Ustin Trynkov.
4:27 of 3rd period - Shot Blocked by Kerby Shapley.
5:12 of 3rd period - Off-side.
5:13 of 3rd period - Bernt Metsasalo wins face-off versus Floyd Holst in neutral zone.
5:28 of 3rd period - Snap shot by Benito Mathers.
5:28 of 3rd period - Shot Misses the Net.
6:03 of 3rd period - Julien Ghantous is hit by Grayden Currier and loses puck.
6:53 of 3rd period - Slapshot by Bernt Metsasalo.
6:53 of 3rd period - Stopped by Karim Hogdal with a rebound.
7:13 of 3rd period - Slapshot by Esra Rhine.
7:13 of 3rd period - Shot Misses the Net.
7:35 of 3rd period - Wrist shot by Loughlin Dowe.
7:35 of 3rd period - Shot Misses the Net.
8:12 of 3rd period - Snap shot by Oleg Avinov.
8:12 of 3rd period - Shot Misses the Net.
8:45 of 3rd period - Wrist shot by James Pontes.
8:45 of 3rd period - Stopped by Karim Hogdal without a rebound.
8:46 of 3rd period - Urpo Schneider wins face-off versus James Pontes in Lumberjacks zone.
9:20 of 3rd period - Benito Mathers is hit by Bernt Metsasalo and loses puck.
9:27 of 3rd period - Leon Christensen is hit by Yaroslav Anokin.
9:37 of 3rd period - Kazimir Papazov is hit by Brooks Goupil.
9:49 of 3rd period - Slapshot by Dayton Presswood.
9:49 of 3rd period - Stopped by Marco Rutherford without a rebound.
9:50 of 3rd period - Julien Ghantous wins face-off versus James Pontes in Mighty Moose zone.
9:51 of 3rd period - Snap shot by Irmin Rosner.
9:51 of 3rd period - Stopped by Marco Rutherford with a rebound.
9:53 of 3rd period - Wrist shot by Dayton Presswood.
9:53 of 3rd period - Shot Misses the Net.
9:55 of 3rd period - Wrist shot by Dayton Presswood.
9:55 of 3rd period - Stopped by Marco Rutherford without a rebound.
9:56 of 3rd period - James Pontes wins face-off versus Julien Ghantous in Mighty Moose zone.
10:07 of 3rd period - Snap shot by Daniil Mirnov.
10:07 of 3rd period - Shot Misses the Net.
10:09 of 3rd period - Snap shot by Daniil Mirnov.
10:09 of 3rd period - Shot Misses the Net.
10:11 of 3rd period - Wrist shot by Daniil Mirnov.
10:11 of 3rd period - Stopped by Marco Rutherford without a rebound.
10:12 of 3rd period - Bernt Metsasalo wins face-off versus Oleg Avinov in Mighty Moose zone.
10:31 of 3rd period - Durham Hopley is hit by Floyd Holst and loses puck.
10:46 of 3rd period - Off-side.
10:47 of 3rd period - Dwight Robichaud wins face-off versus Floyd Holst in neutral zone.
11:24 of 3rd period - Snap shot by Dwight Robichaud.
11:24 of 3rd period - Stopped by Karim Hogdal without a rebound.
11:25 of 3rd period - Bernt Metsasalo wins face-off versus Urpo Schneider in Lumberjacks zone.
11:26 of 3rd period - Wrist shot by Leon Christensen.
11:26 of 3rd period - Shot Blocked by Yaroslav Anokin.
11:32 of 3rd period - Wrist shot by Tanner Napier.
11:32 of 3rd period - Stopped by Marco Rutherford with a rebound.
11:34 of 3rd period - Slapshot by Kazimir Papazov.
11:34 of 3rd period - Shot Misses the Net.
11:52 of 3rd period - Julien Ghantous is hit by Caelan Ranford and loses puck.
12:19 of 3rd period - Oleg Avinov is hit by Esra Rhine and loses puck.
12:38 of 3rd period - Snap shot by Francis Henri.
12:38 of 3rd period - Shot Misses the Net.
13:05 of 3rd period - Wrist shot by Dayton Presswood.
13:05 of 3rd period - Stopped by Marco Rutherford with a rebound.
13:58 of 3rd period - Wrist shot by Craig Bruton.
13:58 of 3rd period - Stopped by Marco Rutherford with a rebound.
14:39 of 3rd period - Slapshot by Durham Hopley.
14:39 of 3rd period - Stopped by Karim Hogdal without a rebound.
14:40 of 3rd period - James Pontes wins face-off versus Urpo Schneider in Lumberjacks zone.
14:41 of 3rd period - Slapshot by Durham Hopley.
14:41 of 3rd period - Shot Blocked by Yaroslav Anokin.
14:43 of 3rd period - Wrist shot by Delwyn Manvill.
14:43 of 3rd period - Shot Misses the Net.
14:45 of 3rd period - Snap shot by Caelan Ranford.
14:45 of 3rd period - Shot Blocked by Yaroslav Anokin.
14:47 of 3rd period - Slapshot by Caelan Ranford.
14:47 of 3rd period - Stopped by Karim Hogdal without a rebound.
14:48 of 3rd period - Urpo Schneider wins face-off versus James Pontes in Lumberjacks zone.
14:48 of 3rd period - Urpo Schneider is hit by James Pontes.
15:15 of 3rd period - Slapshot by Durham Hopley.
15:15 of 3rd period - Shot Blocked by Yaroslav Anokin.
15:17 of 3rd period - Slapshot by Yakov Kabanov.
15:17 of 3rd period - Shot Misses the Net.
15:19 of 3rd period - Slapshot by Caelan Ranford.
15:19 of 3rd period - Stopped by Karim Hogdal with a rebound.
15:21 of 3rd period - Slapshot by Caelan Ranford.
15:21 of 3rd period - Stopped by Karim Hogdal with a rebound.
15:40 of 3rd period - Minor Penalty to Durham Hopley for Tripping.
15:41 of 3rd period - Dwight Robichaud wins face-off versus Floyd Holst in Mighty Moose zone.
17:06 of 3rd period - Julien Ghantous is hit by Pierre-Maxime Vetere and loses puck.
17:40 of 3rd period - Penalty to Durham Hopley is over, Durham Hopley is back on ice.
17:44 of 3rd period - Yakov Kabanov is hit by Ustin Trynkov and loses puck.
19:00 of 3rd period - Floyd Holst is hit by Grayden Currier and loses puck.
19:46 of 3rd period - Dayton Presswood is hit by Dwight Robichaud and loses puck.
Goals for this period are 1 for Lumberjacks vs 1 for Mighty Moose.
Shots for this period are 10 for Lumberjacks vs 10 for Mighty Moose.
Overtime

0:01 of 1st overtime period - Brooks Goupil wins face-off versus Oleg Avinov in neutral zone.
0:33 of 1st overtime period - Snap shot by Tanner Napier.
0:33 of 1st overtime period - Shot Blocked by Afanasy Mekhnin.
2:38 of 1st overtime period - Ustin Trynkov is hit by Robert Friend and loses puck.
4:47 of 1st overtime period - Snap shot by Benito Mathers.
4:47 of 1st overtime period - Stopped by Marco Rutherford without a rebound.
4:48 of 1st overtime period - Brooks Goupil wins face-off versus Loughlin Dowe in Mighty Moose zone.
4:59 of 1st overtime period - Snap shot by Pierre-Maxime Vetere.
4:59 of 1st overtime period - Deflect By Brooks Goupil.
4:59 of 1st overtime period - Shot Blocked by Loughlin Dowe.
4:59 of 1st overtime period - Puck is out of play.
Goals for this period are 0 for Lumberjacks vs 0 for Mighty Moose.
Shots for this period are 1 for Lumberjacks vs 0 for Mighty Moose.
Shootout

5:00 of 1st overtime period - Round #1.
5:00 of 1st overtime period - Lumberjacks, Irmin Rosner.
5:00 of 1st overtime period - Snap shot by Irmin Rosner.
5:00 of 1st overtime period - Goal by Irmin Rosner.
5:00 of 1st overtime period - Mighty Moose, Francis Henri.
5:00 of 1st overtime period - Snap shot by Francis Henri.
5:00 of 1st overtime period - Goal by Francis Henri.
5:00 of 1st overtime period - Round #2.
5:00 of 1st overtime period - Lumberjacks, Tanner Napier.
5:00 of 1st overtime period - Snap shot by Tanner Napier.
5:00 of 1st overtime period - Stopped by Marco Rutherford.
5:00 of 1st overtime period - Mighty Moose, Leon Christensen.
5:00 of 1st overtime period - Snap shot by Leon Christensen.
5:00 of 1st overtime period - Goal by Leon Christensen.
5:00 of 1st overtime period - Round #3.
5:00 of 1st overtime period - Lumberjacks, Ustin Trynkov.
5:00 of 1st overtime period - Wrist shot by Ustin Trynkov.
5:00 of 1st overtime period - Stopped by Marco Rutherford.

3 STARS

1st Star
RW
18
G 1
A 0
+/- 1
TOI 11:02
2nd Star
D
6
G 2
A 0
+/- -1
TOI 21:29
3rd Star
LW
0
G 1
A 0
+/- 1
TOI 17:42

Game Stats

LMB
VS
MIG
3 Goals 4
32 Shots 31
13 Blocked Shots 13
22 Missed Shots 26
44.1 Faceoff % 59.3
3 Power Plays 0
2 Power Play Goals 0
0.66666666666667 Power Play % 0

GAME DETAILS

VENUE
Unknown
CITY
Unknown
REFEREES
Don Adam, Kyle McCauley
LINESMEN
Kendall Hanlet, Jay Sharrers
ATTENDANCE
16,688